Map: [ESL] Equilibrium

Players

Cyan - Winner!

  • Race: Protoss Protoss
  • Spawn Location: 1:00

TeebuL

  • Race: Protoss Protoss
  • Spawn Location: 11:00

Event: ESL SC2 Masters 2023 Winter (Regional)

VOD

Have the link to the VOD?

Description

Time

  • Played on: Oct. 27, 2023, 8:29 a.m.
  • Length: 7:57

All games in this series

Show
View Real Time Build Order
Export as new Build Order

Cyan Protoss - Winner!

Build Orders: Oracle Opening 

Get SALT Encoding   

  12  0:00  Probe  
  13  0:12  Probe  
  14  0:17  Pylon  
  14  0:24  Probe (Chrono Boost)  
  15  0:36  Probe (Chrono Boost)  
  15  0:37  Gateway  
  16  0:45  Probe (Chrono Boost)  
  16  0:46  Assimilator  
  17  0:51  Probe  
  18  0:58  Assimilator  
  18  1:03  Probe (Chrono Boost)  
  19  1:05  Pylon  
  19  1:12  Probe (Chrono Boost)  
  19  1:17  Probe (Chrono Boost)  
  21  1:26  Cybernetics Core  
  21  1:29  Probe  
  21  1:31  Zealot  
  24  1:41  Probe  
  25  1:53  Probe  
  26  2:04  Stargate  
  26  2:05  Adept (Chrono Boost)  
  28  2:19  Warp Gate  
  28  2:29  Nexus  
  28  2:34  Pylon  
  28  2:44  Shield Battery  
  31  2:51  Oracle (Chrono Boost)  
  31  2:59  Stalker  
  33  3:06  Probe  
  38  3:30  Void Ray (Chrono Boost)  
  38  3:32  Probe  
  39  3:35  Shield Battery  
  39  3:41  Forge  
  39  3:45  Gateway  
  39  3:47  Probe x2  
  41  3:59  Probe  
  42  4:06  Probe (Chrono Boost)  
  43  4:14  Probe (Chrono Boost)  
  41  4:18  Probe (Chrono Boost)  
  41  4:19  Stalker  
  45  4:27  Probe (Chrono Boost)  
  45  4:28  Probe (Chrono Boost)  
  45  4:30  Twilight Council  
  46  4:34  Gateway  
  46  4:36  Probe x2  
  48  4:43  Stalker  
  48  4:44  Stalker  
  52  4:48  Probe  
  52  4:49  Pylon  
  53  4:53  Probe  
  53  4:59  Blink (Chrono Boost)  
  54  5:02  Nexus  
  54  5:09  Probe  
  54  5:11  Probe  
  56  5:14  Pylon  
  56  5:22  Robotics Facility  
  56  5:25  Probe  
  57  5:32  Stalker x2  
  57  5:34  Probe  
  60  5:36  Stalker  
  60  5:38  Probe  
  60  5:40  Assimilator  
  63  5:48  Probe  
  63  5:49  Pylon  
  64  5:53  Gateway, Probe  
  64  6:00  Probe  
  65  6:04  Stalker  
  65  6:05  Stalker  
  65  6:07  Probe  
  65  6:09  Observer (Chrono Boost)  
  71  6:12  Pylon  
  71  6:13  Probe  
  71  6:15  Forge  
  71  6:16  Stalker  
  75  6:18  Probe  
  75  6:27  Immortal (Chrono Boost)  
  75  6:31  Probe  
  80  6:35  Probe  
  80  6:37  Probe  
  81  6:42  Stalker x2  
  81  6:43  Probe  
  86  6:53  Photon Cannon  
  86  6:56  Photon Cannon  
  86  7:00  Observer (Chrono Boost)  
  87  7:06  Photon Cannon  
  87  7:07  Stalker  
  89  7:12  Stalker x2  
  93  7:15  Stalker  
  93  7:20  Probe x3 (Chrono Boost)  
  93  7:21  Unknown  
  96  7:28  Pylon x2  
  94  7:30  Pylon  
  94  7:33  Probe (Chrono Boost)  
  97  7:37  Probe x2 (Chrono Boost)  
Show
View Real Time Build Order
Export as new Build Order

TeebuL Protoss 

Build Orders: Phoenix Opening, Zealot Archon 

Get SALT Encoding   

  12  0:00  Probe  
  13  0:12  Probe  
  14  0:17  Pylon  
  14  0:24  Probe (Chrono Boost)  
  15  0:36  Gateway, Probe (Chrono Boost)  
  16  0:44  Probe (Chrono Boost)  
  16  0:49  Assimilator  
  17  0:51  Probe  
  17  0:57  Assimilator  
  18  1:03  Probe (Chrono Boost)  
  19  1:07  Gateway  
  19  1:15  Probe (Chrono Boost)  
  20  1:20  Probe (Chrono Boost)  
  20  1:24  Cybernetics Core  
  21  1:29  Probe  
  22  1:36  Pylon  
  22  1:42  Probe  
  23  1:55  Probe  
  23  2:00  Stalker x2  
  28  2:03  Warp Gate  
  28  2:14  Probe  
  29  2:20  Pylon  
  29  2:30  Stargate  
  33  2:54  Shield Battery  
  33  3:02  Shield Battery  
  33  3:12  Nexus  
  29  3:14  Phoenix (Chrono Boost)  
  29  3:17  Probe  
  32  3:29  Pylon  
  32  3:30  Probe, Phoenix (Chrono Boost)  
  35  3:43  Probe  
  35  3:51  Phoenix (Chrono Boost)  
  37  3:56  Twilight Council  
  37  3:57  Stalker  
  39  4:05  Probe  
  34  4:17  Probe  
  34  4:20  Phoenix  
  34  4:22  Nexus  
  37  4:29  Probe  
  38  4:34  Pylon  
  38  4:38  Dark Shrine  
  38  4:43  Probe  
  39  4:55  Probe  
  40  5:04  Stalker x2  
  44  5:08  Pylon  
  44  5:10  Probe  
  45  5:22  Probe (Chrono Boost)  
  46  5:30  Shield Battery  
  46  5:32  Probe (Chrono Boost)  
  47  5:37  Probe x2 (Chrono Boost)  
  47  5:39  Charge (Chrono Boost)  
  47  5:40  Gateway  
  49  5:48  Assimilator, Probe x2  
  51  5:53  Dark Templar  
  51  5:54  Dark Templar  
  53  6:00  Probe x2  
  55  6:12  Probe x2  
  57  6:24  Probe  
  57  6:25  Probe  
  59  6:27  Dark Templar  
  57  6:33  Nexus  
  57  6:34  Pylon  
  57  6:36  Probe  
  57  6:37  Probe  
  59  6:41  Zealot x2  
  63  6:47  Gateway  
  63  6:48  Probe  
  63  6:49  Probe  
  63  6:50  Gateway  
  65  7:00  Dark Templar, Probe  
  68  7:07  Zealot  
  70  7:09  Shield Battery  
  70  7:10  Pylon  
  70  7:14  Archon  
  70  7:28  Probe x2  
  72  7:30  Dark Templar  
  72  7:35  Pylon  
  72  7:36  Gateway  
  71  7:38  Gateway, Zealot  
Tags
 
Add a new tag
Caveats
  • Supply blocks, unpowered buildings, or Contaminate may cause inaccurate times.
  • Supply counts are checked every 10 seconds.